 Dungeon Crawl Stone Soup version 0.20-a0-443-g0464b71 (console) character file.

299662 Eviona the Imperceptible (level 21, -6/216 HPs)
             Began as a Kobold Berserker on Jan 6, 2017.
             Was the Champion of Trog.
             Shot with a bolt by a yaktaur (11 damage)
             ... on level 4 of the Depths on Jan 7, 2017.
             The game lasted 02:51:51 (61213 turns).

Eviona the Imperceptible (Kobold Berserker)        Turns: 61213, Time: 02:51:52

Health: -6/216     AC: 12    Str: 32    XL:     21   Next: 90%
Magic:  33/33      EV: 37    Int:  3    God:    Trog [******]
Gold:   2646       SH: 11    Dex: 30    Spells: 20/20 levels left

rFire  + . .     SeeInvis +     m - +5 rapier {speed, +Fly rElec MR+ Int-4}
rCold  + + +     Gourm    .     W - +3 leather armour of Mezcal {-Cast rF+ rN+ MR+}
rNeg   + + .     Faith    +     u - +2 buckler "Hoatobo" {rPois Stlth+}
rPois  +         Spirit   .     y - +0 helmet
rElec  +         Reflect  .     h - +2 cloak {rPois}
rCorr  +         Harm     .     A - +0 pair of gloves of Birdsong {rC+ rCorr Str+7}
MR     ++++.     NoCast   +     P - +0 pair of boots
Stlth  ..........               p - amulet of faith
                                T - ring of Satisfaction {rPois rC+++ rN+ Int-2 Dex+4}
                                N - ring "Uxeag" {MR- Str+4 Dex+4 SInv}

@: berserking, regenerating, very quick
A: carnivore 3
}: 2/15 runes: serpentine, barnacled
a: Berserk, Trog's Hand, Brothers in Arms, Burn Spellbooks, Renounce Religion,
Evoke Flight


You were on level 4 of the Depths.
You worshipped Trog.
Trog was exalted by your worship.
You were full.

You visited 5 branches of the dungeon, and saw 33 of its levels.
You also visited: Ice Cave.

You collected 3004 gold pieces.
You spent 358 gold pieces at shops.

Inventory:

Hand Weapons
 m - the +5 rapier of Purpose (weapon) {speed, +Fly rElec MR+ Int-4}
   (You acquired it on level 7 of the Dungeon)

   Attacks with this weapon are significantly faster.
   It affects your intelligence (-4).
   It insulates you from electricity.
   It affects your resistance to hostile enchantments.
   It lets you fly.
 J - a +5 hand crossbow of freezing
Missiles
 e - 923 stones (quivered)
 z - 915 bolts
Armour
 h - a +2 cloak of poison resistance (worn)
 u - the +2 buckler "Hoatobo" (worn) {rPois Stlth+}
   (You found it on level 10 of the Dungeon)

   It protects you from poison.
   It makes you more stealthy.
 y - a +0 helmet (worn)
 A - the +0 pair of gloves of Birdsong (worn) {rC+ rCorr Str+7}
   (You found it on level 7 of the Dungeon)

   It affects your strength (+7).
   It protects you from cold.
   It protects you from acid and corrosion.
 P - a +0 pair of boots (worn)
 W - the +3 leather armour of Mezcal (worn) {-Cast rF+ rN+ MR+}
   (You found it on level 13 of the Dungeon)

   It protects you from fire.
   It protects you from negative energy.
   It affects your resistance to hostile enchantments.
   It prevents spellcasting.
Jewellery
 a - an uncursed ring of resist corrosion
 g - an uncursed ring of flight
 p - an amulet of faith (around neck)
 x - an uncursed ring of ice
 F - an uncursed ring of protection from magic
 G - an uncursed ring of stealth
 N - the ring "Uxeag" (left hand) {MR- Str+4 Dex+4 SInv}
   (You found it on level 9 of the Dungeon)

   [ring of dexterity]

   It affects your strength (+4).
   It affects your dexterity (+4).
   It affects your resistance to hostile enchantments.
   It lets you see invisible.
 T - the ring of Satisfaction (right hand) {rPois rC+++ rN+ Int-2 Dex+4}
   (You found it on level 14 of the Dungeon)

   [ring of poison resistance]

   It affects your intelligence (-2).
   It affects your dexterity (+4).
   It renders you almost immune to cold.
   It protects you from poison.
   It protects you from negative energy.
Wands
 b - a wand of clouds (2/9)
 o - a wand of flame (13/48)
 r - a wand of iceblast (6/15)
 s - a wand of confusion (23/48)
 D - a wand of polymorph (11/24)
 H - a wand of paralysis (6/24)
 O - a wand of confusion (24/48)
 U - a wand of disintegration (12/24)
 X - a wand of acid (6/15)
 Z - a wand of digging (12/24)
Scrolls
 d - a scroll of fear
 f - 14 scrolls of teleportation
 k - 14 scrolls of remove curse
 q - 9 scrolls of identify
 B - 2 scrolls of blinking
 L - a scroll of fog
 R - a scroll of brand weapon
Potions
 i - a potion of haste
 j - 9 potions of might
 l - 5 potions of heal wounds
 v - 9 potions of curing
 C - 6 potions of agility
 E - 5 potions of magic
 I - 2 potions of invisibility
 K - 3 potions of cancellation
 Q - 3 potions of cure mutation
 Y - a potion of resistance
Miscellaneous
 w - a fan of gales
Comestibles
 c - 11 meat rations
 t - 7 slices of pizza
 M - 9 beef jerkies
 S - 12 royal jellies


   Skills:
 - Level 19.0 Fighting
 - Level 14.0 Short Blades
 - Level 11.2 Crossbows
 - Level 1.5 Armour
 - Level 20.1 Dodging
 - Level 21.0 Stealth
 - Level 6.5 Shields
 + Level 17.9 Evocations


You had 20 spell levels left.
You didn't know any spells.

Dungeon Overview and Level Annotations

Branches:
Dungeon (15/15)            Temple (0/1) D:6            Lair (6/6) D:10
 Shoals (4/4) Lair:4        Snake (4/4) Lair:2        Slime (0/5) Lair:5
    Orc (0/2) D:12         Vaults (0/5) D:14         Depths (4/5) D:15

Altars:
Ashenzari
Fedhas
Gozag
Okawaru
Qazlal
Trog
Uskayaw
Yredelemnul
The Shining One
Lugonu

Shops:
D:7 *   D:8 *   D:13 *   D:14 !   Shoals:1 [   Shoals:4 ?   Depths:1 :

Portals:
Hell: Depths:1 Depths:2 Depths:3
Abyss: Depths:2
Pandemonium: Depths:3
Trove: D:13 (give +7 demon whip)

Annotations:
D:4 exclusion: ogre
D:8 exclusion: two-headed ogre
Lair:5 1 runed door
Depths:2 exclusions: Tzitzimitl and 4 more exclusions


Innate Abilities, Weirdness & Mutations

You are small and have problems with some larger weapons.
You are carnivorous and can eat meat at any time.


Message History

* * * LOW HITPOINT WARNING * * *
You closely miss the deep troll.
The deep troll is moderately wounded.
You puncture the deep troll!
The deep troll is severely wounded.
The deep troll earth mage bites you but does no damage.
The deep troll earth mage completely misses you.
You block the deep troll earth mage's attack.
The deep troll bites you!
* * * LOW HITPOINT WARNING * * *
The deep troll misses you. You block the deep troll's attack.
Your cyclops hits the brown very ugly thing!!!
The brown very ugly thing dies!
Trog accepts your kill.
Press: ? - help, v - describe, . - travel A stone staircase leading up, spattered with blood.
Your ogre closely misses the deep troll.
The yaktaur wields an uncursed arbalest.
The yaktaur shoots a bolt.
The bolt hits you!
You die...

####### #......
#......
#......##.......
+.......#.......
#.......#.......
#.....+......
#....(#....
#....O#..##.>.
#...T(C.......
#..uc<@#
####...Tu##
........T##
###...(..#
#.....## #.....#
#.....# #.....#
#.....# #....##
.....#


You could see a red very ugly thing, a brown ugly thing, a deep troll, a deep
troll earth mage, a deep troll shaman, a yaktaur, a friendly cyclops (berserk)
and a friendly ogre (berserk).

Vanquished Creatures
  Bai Suzhen (Snake:3)
  Nikola (Snake:1)
  2 liches (Depths:3)
  2 krakens
  A sphinx (Depths:1)
  A tengu reaver (Depths:2)
  Kirke (D:14)
  7 nagarajas (Snake:4)
  Ilsuiw (Shoals:4)
  6 fire giants
  3 frost giants (Depths:3)
  An iron dragon (Depths:3)
  Aizul (Snake:1)
  Louise (D:14)
  An emperor scorpion (D:15)
  A spriggan defender (Depths:3)
  A vampire knight (Depths:3)
  3 very ugly things
  5 stone giants
  2 dire elephants
  5 ettins
  A minotaur (Shoals:3)
  An ettin (shapeshifter) (Depths:2)
  9 merfolk javelineers
  A fire dragon (Depths:3)
  3 jiangshi (Depths:2)
  11 merfolk impalers
  Snorg (Lair:5)
  4 yaktaur captains
  3 great orbs of eyes
  3 rakshasas
  A hell beast (Depths:3)
  Erolcha (D:12)
  A caustic shrike simulacrum (Depths:2)
  2 ice dragons
  19 naga warriors
  9 hydras
  6 centaur warriors
  A death knight (D:14)
  15 anacondas
  A catoblepas (Lair:4)
  An alligator snapping turtle (Shoals:4)
  A satyr (Shoals:3)
  5 merfolk avatars
  6 merfolk aquamancers
  2 ogre magi (Depths:2)
  A deep troll earth mage (Depths:2)
  2 tengu warriors (Depths:1)
  4 death yaks
  A deep troll shaman (Depths:3)
  9 two-headed ogres
  6 shock serpents
  3 spriggan berserkers
  9 naga sharpshooters
  A vampire mage (Depths:2)
  Sonja (D:12)
  5 hell knights
  A spark wasp zombie (Depths:2)
  2 skeletal warriors (Depths:2)
  3 salamander mystics
  A torturous demonspawn (Depths:3)
  13 sea snakes
  2 unseen horrors
  5 deep trolls
  3 glowing orange brains
  8 naga ritualists
  2 lindwurms (Lair:6)
  A sphinx zombie (Depths:2)
  3 flayed ghosts (Depths:3)
  10 harpies
  A phantasmal warrior (D:14)
  12 fauns
  2 deep elf magi
  An iron dragon zombie (Depths:2)
  10 cyclopes
  38 ugly things
  12 mana vipers
  3 necromancers
  9 elephants
  14 salamanders
  12 manticores
  12 merfolk sirens
  A sphinx skeleton (Depths:2)
  Maurice (D:9)
  2 centaur zombies
  37 black mambas
  5 guardian serpents
  A smoke demon (Depths:3)
  2 torpor snails
  21 naga magi
  10 water nymphs
  3 gargoyles
  13 spiny frogs
  A kobold demonologist (D:12)
  An orange demon (Depths:3)
  6 rime drakes
  8 komodo dragons
  3 centaur skeletons
  14 yaktaurs
  4 tengu conjurers
  An efreet (D:13)
  A rime drake (shapeshifter) (Depths:2)
  2 red devils (Depths:3)
  A merfolk (shapeshifter) (Depths:2)
  A queen bee (Lair:3)
  A polar bear (Lair:3)
  5 trolls
  3 hornets (Depths:3)
  6 meliai
  47 merfolk
  16 blink frogs
  11 wind drakes
  A meliai zombie (D:13)
  8 slime creatures
  A blink frog (shapeshifter) (Depths:1)
  A frost giant simulacrum (Depths:2)
  18 snapping turtles
  14 dream sheep
  9 hippogriffs
  An iron dragon simulacrum (Depths:2)
  Prince Ribbit (D:7)
  20 water elementals
  3 spriggans (Depths:3)
  2 shadows
  2 wyverns
  12 yaks
  5 basilisks
  2 wraiths (D:14)
  Grum (Lair:1)
  2 vampires (D:14)
  Eustachio (D:4)
  A hog (D:14)
  3 hungry ghosts
  2 hogs (shapeshifter)
  An acid dragon (D:13)
  71 nagas
  3 soldier ants
  A floating eye (Depths:3)
  19 water moccasins
  A soldier ant (shapeshifter) (Depths:1)
  17 porcupines
  3 orc warriors
  4 black bears
  A meliai simulacrum (D:15)
  9 ice beasts
  A hornet zombie (D:14)
  2 sky beasts
  2 phantoms (D:7)
  5 ogres
  12 wolves
  4 boggarts
  A necrophage (D:10)
  16 centaurs
  13 crocodiles
  2 big kobolds
  20 bullfrogs
  A wyvern zombie (D:7)
  A water moccasin zombie (D:7)
  2 wyvern skeletons
  5 scorpions
  31 killer bees
  5 wights (D:15)
  A howler monkey (D:5)
  2 electric eels (Lair:4)
  11 crimson imps
  A bullfrog zombie (D:13)
  4 quasits
  6 jellies
  4 hounds
  A gnoll shaman (D:6)
  11 orc wizards
  3 orc priests
  3 iron imps (Depths:3)
  4 bullfrog skeletons
  2 iguanas
  16 worker ants
  A hound zombie (D:8)
  2 hound skeletons
  Robin (D:4)
  A howler monkey zombie (D:6)
  13 adders
  13 gnolls
  3 shadow imps
  A white imp (Depths:3)
  2 oozes (Lair:5)
  2 adder zombies (D:10)
  3 worms
  3 leopard geckos
  59 orcs
  2 giant cockroaches
  22 goblins
  9 hobgoblins
  7 jackals
  17 kobolds
  6 quokkas
  2 ball pythons
  11 bats
  4 frilled lizards
  A quokka zombie (D:8)
  9 rats
  A plant (D:10)
  10 tentacles
1242 creatures vanquished.

Vanquished Creatures (collateral kills)
  A very ugly thing (Depths:4)
  A great orb of eyes (Depths:1)
  A rakshasa (D:15)
  A hydra (Lair:4)
  A naga warrior (Snake:3)
  An ogre mage (Depths:1)
  3 two-headed ogres
  A tengu warrior (Depths:1)
  A hell knight (Depths:3)
  A skeletal warrior (Depths:2)
  A deep troll (Depths:4)
  2 naga ritualists (Snake:1)
  A manticore (D:15)
  An oklob plant (D:10)
  3 ugly things (Depths:1)
  A salamander (Snake:3)
  A naga mage (Snake:3)
  2 black mambas
  A spiny frog (Lair:4)
  A yaktaur (Depths:3)
  3 meliai (D:15)
  A dream sheep (Lair:5)
  A naga (Snake:1)
  4 ogres
  5 killer bees
  3 jellies (Lair:5)
  An ooze (Lair:5)
44 creatures vanquished.

Vanquished Creatures (others)
  A fire giant (Depths:1)
  A hell knight (Depths:3)
  A mana viper (Snake:1)
  A dream sheep (Lair:5)
  3 humans (D:14)
  A centaur (D:14)
  10 fungi
  25 plants
  29 tentacles
72 creatures vanquished.

Grand Total: 1358 creatures vanquished

Notes
Turn   | Place    | Note
-------+----------+-------------------------------------------
     0 | D:1      | Eviona the Kobold Berserker began the quest for the Orb.
     0 | D:1      | Reached XP level 1. HP: 14/14 MP: 1/1
   201 | D:1      | Reached XP level 2. HP: 9/19 MP: 2/2
   670 | D:1      | Reached skill level 5 in Short Blades
  1081 | D:1      | Reached XP level 3. HP: 23/23 MP: 3/3
  1721 | D:2      | Reached XP level 4. HP: 25/28 MP: 4/4
  1739 | D:2      | Reached ** piety under Trog
  2215 | D:2      | Found a glowing golden altar of the Shining One.
  2246 | D:2      | Found a faded altar of an unknown god.
  2510 | D:3      | Found a blossoming altar of Fedhas.
  2880 | D:3      | Reached XP level 5. HP: 28/32 MP: 5/5
  3498 | D:3      | Found a bloodstained altar of Trog.
  3796 | D:4      | Noticed Eustachio
  3820 | D:4      | Killed Eustachio
  3820 | D:4      | Reached XP level 6. HP: 37/37 MP: 6/6
  4213 | D:4      | Noticed an ogre
  4300 | D:4      | Noticed Robin
  4315 | D:4      | Reached *** piety under Trog
  4352 | D:4      | HP: 2/55 [Robin/short sword (5)]
  4353 | D:4      | Killed Robin
  4353 | D:4      | Reached XP level 7. HP: 3/41 MP: 7/7
  5142 | D:4      | Reached skill level 10 in Short Blades
  5876 | D:5      | Entered Level 5 of the Dungeon
  6567 | D:5      | Found a shattered altar of Ashenzari.
  6639 | D:5      | Reached XP level 8. HP: 39/46 MP: 8/8
  7342 | D:6      | Found a staircase to the Ecumenical Temple.
  7690 | D:6      | Reached skill level 5 in Dodging
  7780 | D:6      | Reached **** piety under Trog
  8318 | D:7      | Noticed Prince Ribbit
  8463 | D:7      | Killed Prince Ribbit
  8463 | D:7      | Reached XP level 9. HP: 30/51 MP: 9/9
  8586 | D:7      | Found Gozag's Platinum Reserve.
  8588 | D:7      | Found an opulent altar of Gozag.
  8735 | D:7      | Got a pair of jewelled gloves
  8741 | D:7      | Identified the +0 pair of gloves of Birdsong {rC+ rCorr Str+7} (You found it on level 7 of the Dungeon)
  9001 | D:7      | Reached skill level 5 in Fighting
  9887 | D:7      | Identified a scroll of acquirement
  9888 | D:7      | Got a dazzling rapier
  9889 | D:7      | Identified the +5 rapier of Purpose {speed, +Fly rElec MR+ Int-4} (You acquired it on level 7 of the Dungeon)
  9980 | D:8      | Found a stormy altar of Qazlal.
 10000 | D:8      | Noticed a two-headed ogre
 10010 | D:8      | Found Puanedghe's General Store.
 10134 | D:8      | Reached XP level 10. HP: 63/63 MP: 10/10
 10730 | D:8      | Noticed a two-headed ogre
 10739 | D:8      | Killed a two-headed ogre
 11161 | D:8      | You fall through a shaft!
 11254 | D:9      | Noticed Maurice
 11269 | D:9      | Killed Maurice
 11400 | D:9      | Got a sparkling iron ring
 11402 | D:9      | Identified the ring "Uxeag" {MR- Str+4 Dex+4 SInv} (You found it on level 9 of the Dungeon)
 11815 | D:9      | Found a glowing golden altar of the Shining One.
 11824 | D:9      | Found a basalt altar of Yredelemnul.
 12010 | D:9      | Noticed an angel
 12020 | D:10     | Entered Level 10 of the Dungeon
 12059 | D:10     | Reached skill level 10 in Dodging
 12106 | D:10     | Noticed a six-headed hydra
 12241 | D:10     | Reached XP level 11. HP: 62/71 MP: 11/11
 12256 | D:10     | Reached ***** piety under Trog
 12423 | D:10     | Found a staircase to the Lair.
 12424 | D:10     | Noticed an oklob plant
 12434 | D:10     | Killed an oklob plant
 12434 | D:10     | Reached skill level 10 in Fighting
 12461 | Lair:1   | Entered Level 1 of the Lair of Beasts
 12469 | Lair:1   | Reached skill level 1 in Crossbows
 12930 | Lair:1   | Reached skill level 5 in Crossbows
 13680 | Lair:1   | Noticed Grum
 13723 | Lair:1   | Killed Grum
 13723 | Lair:1   | Received a gift from Trog
 14105 | Lair:2   | Got a heavily runed leather armour
 14116 | Lair:2   | Identified the +2 leather armour "Xedasoku" {rElec} (You found it on level 2 of the Lair of Beasts)
 14160 | Lair:2   | Reached skill level 1 in Stealth
 14231 | Lair:2   | Reached skill level 3 in Stealth
 14312 | Lair:2   | Found a staircase to the Snake Pit.
 14339 | Lair:2   | Reached skill level 4 in Stealth
 14762 | Lair:2   | Reached skill level 5 in Stealth
 14970 | Lair:2   | Reached skill level 6 in Stealth
 15046 | Lair:2   | Reached XP level 12. HP: 55/77 MP: 12/12
 15055 | Lair:2   | Reached skill level 7 in Stealth
 15531 | Lair:3   | Noticed a six-headed hydra
 15673 | Lair:3   | Reached skill level 8 in Stealth
 16503 | Lair:3   | Received a gift from Trog
 17961 | Lair:4   | Noticed a six-headed hydra
 17972 | Lair:4   | Noticed a four-headed hydra
 17975 | Lair:4   | Killed a six-headed hydra
 17981 | Lair:4   | Killed a four-headed hydra
 18243 | Lair:4   | Noticed a death yak
 18274 | Lair:4   | Killed a death yak
 18274 | Lair:4   | Reached XP level 13. HP: 83/83 MP: 13/13
 18483 | Lair:4   | Found a staircase to the Shoals.
 18730 | Lair:4   | Noticed a catoblepas
 18768 | Lair:4   | Killed a catoblepas
 19661 | Lair:4   | Received a gift from Trog
 19863 | Lair:5   | Noticed Snorg
 19874 | Lair:5   | Killed Snorg
 19892 | Lair:5   | Noticed a four-headed hydra
 19930 | Lair:5   | Killed a four-headed hydra
 20224 | Lair:5   | Noticed an eight-headed hydra
 20241 | Lair:5   | Killed an eight-headed hydra
 20250 | Lair:5   | Noticed a five-headed hydra
 20334 | Lair:5   | Killed a five-headed hydra
 20525 | Lair:5   | Received a gift from Trog
 20544 | Lair:5   | Found a staircase to the Slime Pits.
 20577 | Lair:5   | Found a runed door.
 20578 | Lair:5   | Noticed a seven-headed hydra
 20594 | Lair:5   | Killed a seven-headed hydra
 20993 | Lair:6   | Entered Level 6 of the Lair of Beasts
 21535 | Lair:6   | Reached skill level 9 in Stealth
 21735 | Lair:6   | Reached XP level 14. HP: 96/96 MP: 14/14
 21741 | Lair:6   | Reached skill level 10 in Stealth
 22047 | Lair:6   | Reached skill level 11 in Stealth
 22275 | Lair:6   | Noticed a dire elephant
 22685 | Lair:6   | Killed a dire elephant
 22800 | Lair:6   | Received a gift from Trog
 22800 | Lair:6   | Reached skill level 12 in Stealth
 23027 | Lair:6   | Reached skill level 13 in Stealth
 23249 | Lair:6   | Reached skill level 14 in Stealth
 23939 | D:11     | Received a gift from Trog
 24579 | D:12     | Noticed Erolcha
 24582 | D:12     | Killed Erolcha
 24586 | D:12     | Noticed Sonja
 24588 | D:12     | Killed Sonja
 24865 | D:12     | Noticed a fire giant
 24884 | D:12     | Killed a fire giant
 24884 | D:12     | Reached skill level 10 in Crossbows
 25525 | D:12     | Found a corrupted altar of Lugonu.
 25718 | D:12     | Found a staircase to the Orcish Mines.
 26019 | D:13     | Reached XP level 15. HP: 47/100 MP: 15/15
 26261 | D:13     | Got a heavily runed leather armour
 26272 | D:13     | Identified the +3 leather armour of Mezcal {-Cast rF+ rN+ MR+} (You found it on level 13 of the Dungeon)
 26429 | D:13     | Received a gift from Trog
 26450 | D:13     | Found Tuypt's Changing Room.
 26640 | D:13     | Found a portal to a secret trove of treasure.
 26870 | D:14     | Found an iron altar of Okawaru.
 26965 | D:14     | Reached skill level 15 in Dodging
 27085 | D:14     | Found a gate to the Vaults.
 27311 | D:14     | Found a frozen archway.
 27333 | IceCv    | Entered an ice cave
 27362 | IceCv    | Received a gift from Trog
 27449 | D:14     | Noticed Kirke
 27491 | D:14     | Killed Kirke
 27547 | D:14     | Received a gift from Trog
 27584 | D:14     | Found Sovicech's Distillery.
 27587 | D:14     | Bought a potion of heal wounds for 65 gold pieces
 27587 | D:14     | Bought a potion of heal wounds for 65 gold pieces
 27831 | D:14     | Noticed Louise
 27843 | D:14     | Killed Louise
 27964 | D:14     | Got a scorched glass ring
 27968 | D:14     | Identified the ring of Satisfaction {rPois rC+++ rN+ Int-2 Dex+4} (You found it on level 14 of the Dungeon)
 28166 | D:15     | Entered Level 15 of the Dungeon
 29067 | D:15     | Noticed an emperor scorpion
 29085 | D:15     | Killed an emperor scorpion
 29101 | D:15     | Reached XP level 16. HP: 70/106 MP: 16/16
 29102 | D:15     | Found a staircase to the Depths.
 29836 | D:15     | Received a gift from Trog
 29917 | Depths:1 | Entered Level 1 of the Depths
 29996 | Depths:1 | Noticed a frost giant
 30087 | Depths:1 | Found Kiecza's Book Boutique.
 30236 | Depths:1 | Got a crude leather armour
 30247 | Depths:1 | Identified the cursed +0 leather armour of Plasticity {Str+7} (You found it on level 1 of the Depths)
 30724 | Depths:1 | Found a gateway to Hell.
 30748 | Depths:1 | Received a gift from Trog
 30946 | D:10     | Got a pitted buckler
 30952 | D:10     | Identified the +2 buckler "Hoatobo" {rPois Stlth+} (You found it on level 10 of the Dungeon)
 31110 | Depths:1 | Reached skill level 1 in Shields
 31274 | Depths:1 | Received a gift from Trog
 31398 | Depths:1 | Noticed a fire giant
 31420 | Depths:1 | Killed a fire giant
 32025 | Depths:2 | Reached skill level 5 in Shields
 32121 | Depths:2 | Received a gift from Trog
 32348 | Depths:2 | Noticed a tengu reaver
 32506 | Depths:2 | Found a one-way gate to the infinite horrors of the Abyss.
 32591 | Depths:2 | Reached XP level 17. HP: 57/112 MP: 17/17
 33165 | Depths:2 | Killed a tengu reaver
 33165 | Depths:2 | Reached skill level 15 in Fighting
 33841 | Depths:2 | Noticed a Tzitzimitl
 34003 | Depths:2 | Received a gift from Trog
 34120 | Depths:2 | Noticed a Tzitzimitl
 34543 | Depths:2 | Received a gift from Trog
 34940 | Depths:3 | Got a wavering jade ring
 34942 | Depths:3 | Identified the cursed ring "Mautzorao" {AC-2 Str+6 Stlth-} (You found it on level 3 of the Depths)
 35169 | Depths:3 | Received a gift from Trog
 35802 | Depths:3 | Noticed a lich
 35856 | Depths:3 | Noticed a lich
 36247 | Depths:3 | Killed a lich
 36685 | Snake:1  | Entered Level 1 of the Snake Pit
 37225 | Snake:1  | Reached XP level 18. HP: 107/124 MP: 18/18
 37408 | Snake:1  | Received a gift from Trog
 37895 | Snake:1  | Received a gift from Trog
 38232 | Snake:1  | Noticed Aizul
 38233 | Snake:1  | Noticed Nikola
 38260 | Snake:1  | Killed Aizul
 38275 | Snake:1  | Killed Nikola
 38517 | Snake:1  | Received a gift from Trog
 39406 | Snake:2  | Received a gift from Trog
 39959 | Snake:2  | Received a gift from Trog
 39959 | Snake:2  | Reached skill level 15 in Stealth
 41221 | Snake:3  | Reached skill level 16 in Stealth
 41274 | Snake:3  | Noticed Bai Suzhen
 41315 | Snake:3  | Killed Bai Suzhen
 41698 | Snake:3  | Reached skill level 17 in Stealth
 41749 | Snake:3  | Reached XP level 19. HP: 93/132 MP: 19/19
 42668 | Snake:3  | Received a gift from Trog
 42682 | Snake:3  | Reached skill level 18 in Stealth
 43066 | Snake:4  | Entered Level 4 of the Snake Pit
 43205 | Snake:4  | Received a gift from Trog
 43406 | Snake:3  | Reached skill level 19 in Stealth
 43664 | Snake:4  | Received a gift from Trog
 44703 | Snake:4  | Reached skill level 20 in Stealth
 45210 | Snake:4  | Received a gift from Trog
 46008 | Snake:4  | Reached skill level 21 in Stealth
 46302 | Snake:4  | Got a serpentine rune of Zot
 46506 | Shoals:1 | Entered Level 1 of the Shoals
 46509 | Shoals:1 | Upgraded the game from 0.20-a0-435-gf4ea4dd to 0.20-a0-443-g0464b71
 46519 | Shoals:1 | Reached skill level 1 in Evocations
 47110 | Lair:4   | Reached XP level 20. HP: 107/139 MP: 21/23
 47443 | Shoals:1 | Found Voido's Antique Armour Boutique.
 47473 | Shoals:1 | Reached skill level 5 in Evocations
 47994 | Shoals:1 | Received a gift from Trog
 48438 | Shoals:1 | Reached ****** piety under Trog
 48518 | Shoals:1 | Received a gift from Trog
 50645 | Shoals:3 | Reached skill level 10 in Evocations
 50757 | Shoals:3 | Found a hide-covered altar of Uskayaw.
 51081 | Shoals:3 | Got a heavily runed ring mail
 51092 | Shoals:3 | Identified the cursed +1 ring mail of Resourcefulness {rElec rC+} (You found it on level 3 of the Shoals)
 51221 | Shoals:3 | Received a gift from Trog
 51261 | Shoals:3 | Got a bloodstained cloak
 51272 | Shoals:3 | Identified the +1 cloak of the Ban {rPois Str+4 Dex-3 SInv} (You found it on level 3 of the Shoals)
 51988 | Shoals:3 | Received a gift from Trog
 52237 | Shoals:4 | Entered Level 4 of the Shoals
 52638 | Shoals:4 | Received a gift from Trog
 52723 | Shoals:4 | Noticed Ilsuiw
 52788 | Shoals:4 | Killed Ilsuiw
 53426 | Shoals:4 | Received a gift from Trog
 53805 | Shoals:3 | HP: 4/208 [water nymph/the raging water (24)]
 54412 | Shoals:4 | Reached XP level 21. HP: 47/144 MP: 31/31
 55890 | Shoals:4 | Received a gift from Trog
 56440 | Shoals:4 | Reached skill level 15 in Evocations
 56986 | Shoals:4 | Found Duhes's Magic Scroll Emporium.
 57012 | Shoals:4 | Bought a scroll of teleportation for 57 gold pieces
 57012 | Shoals:4 | Bought a scroll of fog for 38 gold pieces
 57012 | Shoals:4 | Bought a scroll of identify for 38 gold pieces
 57012 | Shoals:4 | Bought a scroll of identify for 38 gold pieces
 57012 | Shoals:4 | Bought a scroll of teleportation for 57 gold pieces
 57078 | Shoals:4 | Got a barnacled rune of Zot
 60291 | Depths:3 | Received a gift from Trog
 60292 | Depths:3 | Found a one-way gate leading to the halls of Pandemonium.
 60561 | Depths:4 | Paralysed by a floating eye for 2 turns
 60605 | Depths:3 | Received a gift from Trog
 61095 | Depths:4 | Noticed a juggernaut
 61212 | Depths:4 | HP: 4/216 [deep troll (17)]
 61213 | Depths:4 | Shot with a bolt by a yaktaur

Vault maps used:
D:1:      dpeg_arrival_chambers_temple_mockup
D:2:      chequers_ecumenical_altar_simple, nicolae_tso_carved_into_rock
D:3:      minmay_door_path, fedhas_altar_2, nicolae_overflow_crystal_walls
D:4:      kennysheep_pointless_box, uniq_robin, uniq_eustachio
D:5:      first_bread, nicolae_ashenzari_panopticon
D:7:      nicolae_gozag_zags_fifth_avenue, uniq_prince_ribbit1
D:8:      lemuel_crystal_altar, serial_shops, shop
D:9:      grunt_temple_overflow_holy_war, grunt_ogre_cave, uniq_maurice
D:10:     dpeg_oklobed_lair
D:11:     minmay_fountain_box
D:12:     kennysheep_scales, hiddenorc1_lemuel, enter_bailey_7,
          tgw_lugonu_bribe, uniq_sonja, uniq_erolcha
D:13:     nicolae_trove_entry_columns, nicolae_transmutations_shop
D:14:     david_vaults_2, portal_ice_cave_rime, serial_shops,
          kennysheep_mini_moat, basic_altar, spider_trap,
          kennysheep_inner_square, uniq_kirke, uniq_louise
D:15:     hangedman_depths_entry_try_elsewhere_first,
          hangedman_abyss_or_decor_lesser_grid
Lair:1:   uniq_grum
Lair:2:   guppyfry_snake_entry_island, minmay_hedge_maze, beast_lair_carwin_6,
          serial_bayou_shore_b, lemuel_fruit_fields, infiniplex_staircase_pool_2
Lair:3:   special_room, serial_bayou_pond_b
Lair:4:   elwin_shoals_entry_rooms, lookout_lair_type, serial_bayou_pond_d
Lair:5:   nicolae_slime_entry_slimehenge, pf_torpor_hydra, uniq_snorg
Lair:6:   hangedman_lair_in_review
Shoals:1: serial_shops, nicolae_shop_crystal
Shoals:3: regret_index_shoals_crete
Shoals:4: shoals_end_simple, shoals_ilsuiw_alternative, serial_shops,
          nicolae_shop_waterfront, nicolae_shoals_cliffside_cave
Snake:1:  uniq_nikola, uniq_aizul
Snake:3:  basic_stair_grate_trap, uniq_bai_suzhen
Snake:4:  minmay_snake_end_coiled
Depths:1: minmay_misc_feat_diagonals, serial_shops, nicolae_shop_waterfront,
          hell_entry, grunt_ministairs_14, minmay_misc_feat_room,
          kilobyte_mutagenic_chamber
Depths:2: cheibrodos_tormentor_scu, abyss_entry, hell_entry, minivault_11,
          grunt_ministairs_9, minmay_misc_feat_x, minmay_strange_pillars,
          infiniplex_staircase_split_hallway
Depths:3: minmay_glassy_protrusions, grunt_hell_entry_dis_mu,
          nicolae_benzene_ring, grunt_pan_entry_zigzag,
          minmay_staircase_windowed_small
Depths:4: minmay_distorted_concentric_squares, abyss_entry_crystal, hell_entry
IceCv:    ice_cave_statue_garden_chambered

Skill      XL: |  1  2  3  4  5  6  7  8  9 10 11 12 13 14 15 16 17 18 19 20 21 |
---------------+----------------------------------------------------------------+-----
Short Blades   | 5 6 7 9 11 14 | 14.0
Dodging        | 8 9 10 14 17 19 20 | 20.1
Fighting       | 7 9 10 14 17 19 | 19.0
Crossbows      | 8 11 | 11.2
Stealth        | 6 8 9 14 17 21 | 21.0
Shields        | 6 |  6.5
Evocations     | 4 13 17 | 17.9
Armour         | |  1.5

Action                   |  1- 3 |  4- 6 |  7- 9 | 10-12 | 13-15 | 16-18 | 19-21 || total
-------------------------+-------+-------+-------+-------+-------+-------+-------++-------
Melee: Short sword       |    82 |   272 |   231 |       |       |       |       ||   585
       Dagger            |       |       |   313 |       |       |       |       ||   313
       Rapier            |       |       |    24 |   714 |  1198 |  2120 |  3230 ||  7286
 Fire: Hand crossbow     |       |       |       |    35 |    22 |    89 |   245 ||   391
       Triple crossbow   |       |       |       |       |    81 |     6 |       ||    87
Throw: Stone             |     7 |    12 |    22 |    57 |    46 |    44 |    61 ||   249
Invok: Berserk           |     2 |     4 |    10 |     4 |     9 |    10 |    18 ||    57
       Trog's Hand       |       |       |     2 |     1 |     1 |     7 |    10 ||    21
       Brothers in Arms  |       |       |     1 |     4 |     4 |    10 |     3 ||    22
 Abil: Evoke Flight      |       |       |       |       |       |       |    10 ||    10
       Stop Flying       |       |       |       |       |       |       |     1 ||     1
Evoke: Fan of gales      |       |       |       |       |       |       |     1 ||     1
  Use: Scroll            |       |       |    20 |     6 |     5 |     9 |     5 ||    45
       Potion            |       |       |     1 |       |     1 |     1 |     3 ||     6
 Stab: Sleeping          |     2 |     2 |     1 |     1 |    22 |    12 |    20 ||    60
       Distracted        |       |       |       |     2 |     3 |     4 |    14 ||    23
       Petrified         |       |       |       |       |     1 |       |       ||     1
  Eat: Chunk             |    11 |    12 |    36 |    28 |    45 |    59 |    75 ||   266
       Beef jerky        |       |       |       |       |       |       |     4 ||     4
Armor: Animal skin       |    13 |    15 |       |       |       |       |       ||    28
       Leather armour    |       |     3 |     2 |    20 |    85 |    60 |    82 ||   252
       Robe              |       |       |    34 |    17 |       |       |       ||    51
Dodge: Dodged            |    54 |   156 |   278 |   316 |   691 |   967 |  1529 ||  3991
Block: Buckler           |       |       |       |       |       |   446 |   837 ||  1283
